 Dungeon Crawl Stone Soup version 0.30-a0-1016-gfb0d676c02 (webtiles) character file.

Game seed: 4736651041442711809

0 jtron the Trooper (level 1, 0/14 HPs)
             Began as a Gargoyle Monk on Apr 6, 2023.
             Frozen to death by an endoplasm (4 damage)
             ... on level 1 of the Dungeon.
             The game lasted 00:00:12 (37 turns).

jtron the Trooper (Gargoyle Monk)                     Turns: 37, Time: 00:00:13

Health: 0/14       AC:  4    Str: 14    XL:     1   Next: 0%
Magic:  1/1        EV: 12    Int: 10    God:
Gold:   0          SH:  0    Dex: 12    Spells: 0/0 levels left

rFire   . . .      SeeInvis .    a - +0 mace
rCold   . . .      Faith    .    (no shield)
rNeg    + . .      Spirit   .    b - +0 robe
rPois   ∞          Reflect  .    (no helmet)
rElec   +          Rampage  .    (no cloak)
rCorr   .                        (no gloves)
Will    .....                    (no boots)
Stlth   ++                       (no amulet)
HPRegen 0.22/turn                (no ring)
MPRegen 0.07/turn                (no ring)

@: no status effects
A: sickness immunity, AC +2, negative energy resistance 1, electricity
resistance, torment resistance 1, petrification resistance
a: no special abilities


You were on level 1 of the Dungeon.
You visited 1 branch of the dungeon, and saw 1 of its levels.

Inventory:

Hand Weapons
 a - a +0 mace (weapon)
Armour
 b - a +0 robe (worn)
Potions
 d - a potion of heal wounds {unknown}


   Skills:
 * Level 3.2 Fighting
 + Level 3.0 Maces & Flails
 + Level 2.4 Dodging
 + Level 2.1 Stealth


You couldn't memorise any spells.
You didn't know any spells.
Your spell library was empty.

Dungeon Overview and Level Annotations

Branches:
Dungeon (1/15)

Altars:


Innate Abilities, Weirdness & Mutations

You are immune to sickness and miasma.
Your stone body is resilient. (AC +2)
You are immune to poison.
You resist negative energy. (rN+)
You are resistant to electric shocks. (rElec)
You are resistant to unholy torment.
You are immune to petrification.


Message History

A hobgoblin comes into view.
The hobgoblin shouts!
You barely miss the hobgoblin. The hobgoblin closely misses you.
You hit the hobgoblin but do no damage. The hobgoblin misses you.
You hit the hobgoblin but do no damage. The hobgoblin hits you.
You closely miss the hobgoblin. The hobgoblin hits you.
The endoplasm hits you but does no damage.
The endoplasm freezes you.
You are frozen.
* * * LOW HITPOINT WARNING * * *
The hobgoblin hits you.
* * * LOW HITPOINT WARNING * * *
You are confused.
You feel invigorated. The endoplasm closely misses you.
The hobgoblin hits you but does no damage.
The hobgoblin hits you.
You miss the hobgoblin.
You feel less invigorated.
You feel less confused. The endoplasm hits you.
The hobgoblin barely misses you.
You hit the endoplasm.
The endoplasm is severely wounded.
The endoplasm hits you but does no damage.
The hobgoblin hits you.
You closely miss the hobgoblin. The endoplasm closely misses you.
The hobgoblin barely misses you.
You hit the hobgoblin.
The hobgoblin is heavily wounded.
The endoplasm barely misses you. The hobgoblin closely misses you.
The endoplasm hits you. The hobgoblin hits you.
You barely miss the hobgoblin.
The hobgoblin is heavily wounded.
The hobgoblin barely misses you. The endoplasm freezes you.
You are frozen.
* * * LOW HITPOINT WARNING * * *
You hit the hobgoblin.
You kill the hobgoblin!
The endoplasm freezes you.
You are frozen.
You die...

#+# #.##.# +.### #....
####.#.## ##?.#
#.......####...#####.
#####'#.#..'............
#.....#.#..####......J..
#.....###.######..#####
#.<>..# +.# #...J.....#
#.....# #.# #..@†.....#
+.....+ #.# #.........#
#+##### #.# #.........#
+. #.........#
#.........# #.........#
##.......## ####.####


You could see an endoplasm.

Vanquished Creatures
  A hobgoblin (D:1)
1 creature vanquished.

Notes
Turn   | Place    | Note
-------+----------+-------------------------------------------
     0 | D:1      | jtron the Gargoyle Monk began the quest for the Orb.
     0 | D:1      | Reached XP level 1. HP: 14/14 MP: 1/1
    37 | D:1      | Frozen to death by an endoplasm

Illustrated notes

Levels and vault maps discovered:
D:1:      shiori_arrival_maze, layout_loops_corners

Action                     || total
---------------------------++-------
  Melee: Mace              ||    10
    Use: Potion            ||     1
 Armour: Robe              ||     3
  Dodge: Dodged            ||     9

Table legend: (Time is in decaauts)
 A = Elapsed time spent in this place.
 B = Non-inter-level travel time spent in this place.
 C = Inter-level travel time spent in this place.
 D = Time resting spent in this place.
 E = Time spent auto-exploring this place.
 F = Levels seen in this place.
 G = Mean time per level.
                   A        B        C        D        E       F      G
               +--------+--------+--------+--------+--------+-----+--------+
         Total |     39 |     39 |      0 |      0 |     20 |   1 |   39.0 |
       Dungeon |     39 |     39 |      0 |      0 |     20 |   1 |   39.0 |
               +--------+--------+--------+--------+--------+-----+--------+

Top non-repeatable levels by time:
     D:1: 39 daAuts
